 Dungeon Crawl Stone Soup version 0.18-a0-1562-gac8da35 (webtiles) character file.

1794 M4edhros the Covert (level 9, 0/53 HPs)
             Began as an Octopode Artificer on Mar 13, 2016.
             Was a Follower of Fedhas.
             Succumbed to Duvessa's poison
             ... on level 7 of the Dungeon.
             The game lasted 00:10:04 (7040 turns).

M4edhros the Covert (Octopode Artificer)            Turns: 7040, Time: 00:10:05

Health: 0/53       AC:  6    Str: 10 (11) XL:     9   Next: 9%
Magic:  13/13      EV: 14    Int: 14      God:    Fedhas [*.....]
Gold:   406        SH:  0    Dex: 11 (13) Spells: 1 memorised, 5 levels left

rFire  . . .     SeeInvis .     v - +4 quarterstaff (chaos)
rCold  . . .     Gourm    .     (shield currently unavailable)
rNeg   . . .     Faith    .     (helmet restricted)
rPois  .         Spirit   .     m - amulet of dismissal
rElec  .         Dismiss  +     l - ring of teleportation (curse)
rCorr  +         Reflect  .     f - ring of resist corrosion
SustAt .         Harm     .     I - +5 ring of protection
MR     .....     Rnd*Tele +     (no ring)
Stlth  ++++++....               (no ring)
                                (no ring)
                                (no ring)
                                (no ring)

@: lethally poisoned (0 -> -28), not resistant to hostile enchantments, very
stealthy
A: almost no armour, amphibious, 8 rings, constrict 8, camouflage 1, clumsy 1,
deterioration 1, screaming 1, gelatinous body 1
a: Evolution, Renounce Religion


You were on level 7 of the Dungeon.
You worshipped Fedhas.
Fedhas was aware of your devotion.
You were near starving.

You visited 2 branches of the dungeon, and saw 8 of its levels.

You collected 406 gold pieces.

Inventory:

Hand Weapons
 a - a +0 short sword
 v - a +4 quarterstaff of chaos (weapon)
Missiles
 n - 232 stones (quivered)
 w - 20 sling bullets
Armour
 p - a +0 large shield
Jewellery
 f - a ring of resist corrosion (right tentacle)
 l - a cursed ring of teleportation (left tentacle)
 m - an amulet of dismissal (around mantle)
 I - a +5 ring of protection (on tentacle)
Wands
 b - a wand of flame (2/48)
 c - a wand of enslavement (9/24)
 d - a wand of random effects (6/48)
 H - a wand of lightning (8/15)
 J - a wand of random effects (15/48)
Scrolls
 e - a scroll of blinking
 g - 3 scrolls of fear
 h - 7 scrolls of teleportation
 j - 2 scrolls of enchant armour
 o - a scroll of recharging
 r - 2 scrolls of immolation
 s - a scroll of random uselessness {unknown}
 x - a scroll of magic mapping {unknown}
 B - a scroll of fog
 D - a scroll of enchant weapon
 K - a scroll of amnesia
Potions
 u - a potion of degeneration
Books
 q - a book of Clouds

   Spells                             Type                      Level
   a - Mephitic Cloud                 Conjuration/Poison/Air       3
   b - Conjure Flame                  Conjuration/Fire             3
   c - Poisonous Cloud                Conjuration/Poison/Air       6
   d - Freezing Cloud                 Conjuration/Ice/Air          6
   e - Ring of Flames                 Charms/Fire                  7
 L - a book of Beasts

   Spells                             Type                      Level
   a - Summon Butterflies             Summoning                    1
   b - Call Canine Familiar           Summoning                    3
   c - Summon Ice Beast               Ice/Summoning                4
   d - Summon Mana Viper              Hexes/Summoning              5
   e - Summon Hydra                   Summoning                    7
Comestibles
 i - 8 meat rations
 E - 5 fruits
 G - a royal jelly


   Skills:
 + Level 1.1 Fighting
 - Level 1.0 Short Blades
 + Level 0.2 Staves
 + Level 6.2 Dodging
 - Level 11.0 Stealth
 + Level 5.5 Invocations
 - Level 4.2 Evocations


You had 5 spell levels left.
You knew the following spells:

 Your Spells              Type           Power        Failure   Level  Hunger
a - Mephitic Cloud        Conj/Pois/Air  #.......     83%         3    ####...


Dungeon Overview and Level Annotations

Branches:
Dungeon (7/15)             Temple (1/1) D:4

Altars:
Cheibriados
Elyvilon
Fedhas
Gozag
Kikubaaqudgha
Makhleb
Nemelex Xobeh
Okawaru
Pakellas
Qazlal
Ru
Sif Muna
Trog
Yredelemnul
Zin
The Shining One

Annotations:
D:7 Duvessa


Innate Abilities, Weirdness & Mutations

You cannot wear most types of armour.
You are amphibious.
You can wear up to eight rings at the same time.
You can use your tentacles to constrict eight enemies at once.
Your skin changes colour to match your surroundings (Stealth).
Your rubbery body absorbs attacks (AC +1).
You are clumsy. (Dex -2)
Your body sometimes deteriorates upon taking damage.
You occasionally shout uncontrollably at your foes.


Message History

Okay, then.
Drink which item? (? for menu, Esc to quit)
Your magical contamination has completely faded away.
You feel magically purged.
* * * LOW HITPOINT WARNING * * *
You feel very sick.
There is a lethal amount of poison in your body!
* * * LOW HITPOINT WARNING * * *
You feel very sick.
Dowan barely misses Duvessa.
* * * LOW HITPOINT WARNING * * *
You feel very sick.
Dowan hits Duvessa but does no damage.
Duvessa hits Dowan with a rapier of venom!
Dowan dies!
Duvessa screams in horror.
Duvessa goes berserk!
You feel your intelligence returning.
You die...
Fedhas appreciates your contribution to the ecosystem.

..##.$
#.##.#
#.##)#
#..#e#
##.#.#
#.#.#
#...# #
##..#.#
#.@..#
#.####
#.# #.#
#.# #.#
#. #.


You could see the friendly Duvessa (berserk).

Vanquished Creatures
  The ghost of M4edhros the Sneak, a novice OpAr (D:5)
  An orc warrior (D:6)
  An ogre (D:4)
  A centaur (D:6)
  3 wights (D:6)
  A crimson imp (D:5)
  A giant frog zombie (D:5)
  2 hounds
  2 orc priests
  Crazy Yiuf (D:2)
  2 orc wizards
  Jessica (D:3)
  3 iguanas
  4 worker ants
  A hound skeleton (D:6)
  4 gnolls (D:5)
  4 adders
  An ooze (D:2)
  2 adder skeletons (D:5)
  4 worms
  4 dart slugs
  A giant gecko (D:2)
  8 orcs
  6 bats
  3 giant cockroaches
  7 hobgoblins
  6 jackals
  6 quokkas
  A ball python skeleton (D:5)
  2 giant newts
  7 goblins
  13 kobolds
  3 rats
107 creatures vanquished.

Vanquished Creatures (collateral kills)
  The ghost of M4edhros the Covert, a novice OpAr (D:6)
  Edmund (D:6)
  An ice beast (D:5)
  Dowan (D:7)
  A wight (D:6)
  2 killer bees (D:7)
  A centaur skeleton (D:5)
  A gnoll shaman (D:5)
  2 orc wizards (D:7)
  6 orcs
  A giant newt (D:7)
18 creatures vanquished.

Vanquished Creatures (others)
  2 wandering mushrooms (D:7)
  A killer bee zombie (D:7)
  An orc (D:2)
  45 toadstools
49 creatures vanquished.

Grand Total: 174 creatures vanquished

Notes
Turn   | Place    | Note
--------------------------------------------------------------
     0 | D:1      | M4edhros the Octopode Artificer began the quest for the Orb.
     0 | D:1      | Reached XP level 1. HP: 13/13 MP: 3/3
   218 | D:1      | Reached skill level 2 in Stealth
   263 | D:1      | Reached XP level 2. HP: 16/18 MP: 4/4
   815 | D:2      | Reached skill level 3 in Stealth
   891 | D:2      | Reached XP level 3. HP: 16/23 MP: 5/5
  1011 | D:3      | Noticed Jessica
  1431 | D:3      | Reached skill level 4 in Stealth
  1936 | D:4      | Found a basalt altar of Yredelemnul.
  1979 | D:4      | Noticed an ogre
  1988 | D:4      | Killed an ogre
  1988 | D:4      | Reached skill level 5 in Stealth
  1988 | D:4      | Reached XP level 4. HP: 28/28 MP: 5/7
  1988 | D:4      | Reached XP level 5. HP: 33/33 MP: 5/8
  2005 | D:4      | Found a staircase to the Ecumenical Temple.
  2053 | Temple   | Entered the Ecumenical Temple
  2096 | Temple   | Became a worshipper of Fedhas Madash
  2252 | D:2      | Found a bloodstained altar of Trog.
  2287 | D:2      | Noticed Crazy Yiuf
  2294 | D:2      | Killed Crazy Yiuf
  2662 | D:3      | Killed Jessica
  2662 | D:3      | Reached skill level 6 in Stealth
  2846 | D:3      | Reached XP level 6. HP: 36/38 MP: 9/9
  3083 | D:4      | Reached skill level 1 in Invocations
  3455 | D:4      | Reached skill level 7 in Stealth
  3722 | D:4      | Found a white marble altar of Elyvilon.
  4011 | D:5      | Entered Level 5 of the Dungeon
  4019 | D:5      | Noticed M4edhros's ghost (novice OpAr)
  4086 | D:5      | Killed M4edhros's ghost
  4086 | D:5      | Reached skill level 8 in Stealth
  4086 | D:5      | Reached XP level 7. HP: 31/43 MP: 10/10
  4886 | D:5      | Reached skill level 9 in Stealth
  4998 | D:5      | Reached * piety under Fedhas
  5381 | D:5      | Reached XP level 8. HP: 24/48 MP: 11/11
  5769 | D:6      | Reached skill level 5 in Dodging
  5769 | D:6      | Reached skill level 10 in Stealth
  6070 | D:6      | Noticed Edmund
  6082 | D:6      | Killed Edmund
  6113 | D:6      | Noticed M4edhros's ghost (novice OpAr)
  6125 | D:6      | Killed M4edhros's ghost
  6287 | D:6      | Reached skill level 11 in Stealth
  6338 | D:6      | Found an ancient bone altar of Kikubaaqudgha.
  6559 | D:6      | Reached skill level 5 in Invocations
  6702 | D:7      | Reached XP level 9. HP: 40/53 MP: 12/12
  6710 | D:7      | Gained mutation: You occasionally shout uncontrollably at your foes. [potion of mutation]
  6710 | D:7      | Gained mutation: You are agile. (Dex +2) [potion of mutation]
  6710 | D:7      | Gained mutation: Your body sometimes deteriorates upon taking damage. [potion of mutation]
  7007 | D:7      | Lost mutation: You are agile. (Dex +2) [potion of mutation]
  7007 | D:7      | Gained mutation: You are clumsy. (Dex -2) [potion of mutation]
  7024 | D:7      | Learned a level 3 spell: Mephitic Cloud
  7026 | D:7      | Noticed Duvessa
  7031 | D:7      | Noticed Dowan
  7039 | D:7      | HP: 2/53 [poisoned by Duvessa]
  7039 | D:7      | Killed Dowan
  7040 | D:7      | Succumbed to Duvessa's poison

Vault maps used:
D:1:      dpeg_arrival_windows_large_door
D:2:      bloody_trog, uniq_crazy_yiuf_cottage
D:3:      serial_corexii_hall, corexii_hall_statues_t, corexii_hall_statues_x,
          first_bread, uniq_jessica
D:4:      kennysheep_ying_yang, minmay_temple_entry_poolview
D:5:      kennysheep_flooded_box
D:6:      kennysheep_mini, minmay_splitting_lines, grunt_ministairs_6,
          uniq_edmund
D:7:      cheibrodos_ashenzari_chains, uniq_duvessa
Temple:   circular_temple_12

Skill      XL: |  1  2  3  4  5  6  7  8  9 |
---------------+----------------------------+-----
Stealth        | 2 3 5 6 8 9 11 | 11.0
Dodging        | 3 4 5 6 |  6.2
Evocations     | 4 |  4.2
Invocations    | 2 3 5 |  5.5
Fighting       | |  1.1
Short Blades   | |  1.0
Staves         | |  0.2

Action                   |  1- 3 |  4- 6 |  7- 9 || total
-------------------------+-------+-------+-------++-------
Melee: Short sword       |    76 |    16 |       ||    92
       Quarterstaff      |       |    64 |   115 ||   179
Invok: Evolution         |       |       |     2 ||     2
Evoke: Wand              |     5 |    14 |     9 ||    28
  Use: Potion            |     1 |       |     8 ||     9
       Scroll            |       |       |    11 ||    11
 Stab: Sleeping          |     6 |    13 |    10 ||    29
       Petrifying        |       |     1 |     1 ||     2
       Distracted        |       |     1 |       ||     1
       Paralysed         |       |       |     1 ||     1
  Eat: Chunk             |     2 |     2 |       ||     4
       Pizza             |       |     2 |     1 ||     3
       Bread ration      |       |     1 |     1 ||     2
